 Dungeon Crawl Stone Soup version 0.27-a0-1046-g98bf31544f (webtiles) character file.

Game seed: 14588606037423773116

138 jestyr24 the Conjurer (level 5, -1/39 HPs)
             Began as a Draconian Conjurer on Apr 19, 2021.
             Slain by Robin
             ... wielding a +4 short sword of speed
              (7 damage)
             ... on level 2 of the Dungeon.
             The game lasted 00:11:27 (2634 turns).

jestyr24 the Conjurer (Draconian Conjurer)          Turns: 2634, Time: 00:11:28

Health: -1/39      AC:  5    Str: 10    XL:     5   Next: 1%
Magic:  0/9        EV: 12    Int: 19    God:
Gold:   110        SH:  0    Dex:  9    Spells: 7/10 levels left

rFire    . . .     SeeInvis .   i - +1 short sword (drain)
rCold    . . .     Faith    .   (no shield)
rNeg     . . .     Spirit   .   (armour unavailable)
rPois    .         Reflect  .   (helmet restricted)
rElec    .         Harm     .   (no cloak)
rCorr    .         Rampage  .   (no gloves)
Will     +....                  (no boots)
Stlth    ++........             (no amulet)
HPRegen  0.13/turn              g - ring of willpower
MPRegen  0.11/turn              (no ring)

@: no status effects
A: AC +5, unfitting armour, cold-blooded
a: no special abilities


You were on level 2 of the Dungeon.
You visited 1 branch of the dungeon, and saw 2 of its levels.

You collected 110 gold pieces.

Inventory:

Hand Weapons
 h - a +0 whip of flaming
 i - a +1 short sword of draining (weapon)
Missiles
 b - 8 poisoned darts
Magical Staves
 c - a staff of cold
Jewellery
 g - a ring of willpower (left hand)
Scrolls
 a - 2 scrolls of identify {unknown}
 d - a scroll of torment {unknown}
 e - a scroll of fear {unknown}
Potions
 f - a potion of haste {unknown}
 j - a potion of heal wounds {unknown}


   Skills:
 + Level 0.8 Fighting
 + Level 0.1 Short Blades
 - Level 2.0 Dodging
 + Level 2.4 Stealth
 + Level 3.0 Spellcasting
 + Level 5.2 Conjurations


You had 7 spell levels left.
You knew the following spells:

 Your Spells              Type           Power      Damage    Failure   Level
a - Magic Dart            Conj           88%        1d7       1%          1
b - Searing Ray           Conj           44%        3d4       2%          2

Your spell library contained the following spells:

 Spells                   Type           Power      Damage    Failure   Level
 Dazzling Flash           Conj/Hex       24%        N/A       16%         3
 Fulminant Prism          Conj/Hex       6%         3d7       45%         4
 Iskenderun's Mystic Bla  Conj/Tloc      12%        2d5       45%         4


Dungeon Overview and Level Annotations

Branches:
Dungeon (2/15)

Altars:

Annotations:
D:2 Robin


Innate Abilities, Weirdness & Mutations

Your plain brown scales are hard. (AC +5)
You cannot fit into any form of body armour.
You are cold-blooded and may be slowed by cold attacks.


Message History

A goblin comes into view. It is wielding a +0 club.
The magic dart hits the goblin.
You kill the goblin!
A hobgoblin is nearby!
The magic dart hits the hobgoblin but does no damage.
The hobgoblin shouts!
You hear a shout!
The magic dart hits the hobgoblin.
The hobgoblin is heavily wounded.
The magic dart hits the hobgoblin but does no damage.
The hobgoblin is heavily wounded.
The magic dart hits the hobgoblin.
The hobgoblin is almost dead.
Robin roars a battlecry!
The hobgoblin goes into a battle-frenzy!
The magic dart hits the hobgoblin.
You kill the hobgoblin!
A goblin comes into view. It is wielding a +0 club.
Robin throws the goblin at you!
You have reached level 5!
The goblin shouts!
Robin drinks a potion.
Robin flickers and vanishes!
Deactivating autopickup; reactivate with Ctrl-A.
The goblin hits you with a +0 club.
You barely miss the goblin. The goblin hits you with a +0 club.
You hit the goblin.
You kill the goblin!
You start resting.
Something hits you.
Casting: Magic Dart (safe; 1% risk of failure)
Confirm with . or Enter, or press ? or * to list all spells.
Aiming: Searing Ray (safe; 2% risk of failure)
Press: ? - help, Shift-Dir - straight line The searing ray hits something. (Press . to maintain the ray.)
Something hits you. x2
The searing ray hits something.
Something hits you. Something hits you!
* * * LOW HITPOINT WARNING * * *
You barely miss something. You tail-slap something. Something hits you!
You die...

#.......)...##.#..........####.
###.#......).)#............## #.
#...#......).....#..........# #.
..###.......................## #.
................#............###.
..###............................
.## #.......÷....................
.# #.........#{.##........####.#
## ##.......###@###......####...
##.......####......#..........
####.............).#########.....
............#####..# ###....#
............# ##.#######......#
####..#.....# #..[÷.....#....#
#..##.....######)<########.....
#...........)).)...............
#####.....######....###########


There were no monsters in sight!

Vanquished Creatures
  An orc priest (D:2)
  An iguana (D:2)
  2 adders (D:2)
  A worm (D:2)
  A dart slug (D:1)
  3 orcs (D:2)
  4 endoplasms
  A giant cockroach (D:1)
  9 goblins (D:2)
  9 hobgoblins
  3 quokkas (D:2)
  5 ball pythons
  5 bats (D:1)
  5 kobolds
  4 rats
54 creatures vanquished.

Notes
Turn   | Place    | Note
-------+----------+-------------------------------------------
     0 | D:1      | jestyr24 the Draconian Conjurer began the quest for the
                  | Orb.
     0 | D:1      | Reached XP level 1. HP: 14/14 MP: 3/3
    44 | D:1      | Noticed an iguana
    44 | D:1      | Noticed a swamp drake
    45 | D:1      | Noticed a black bear
    45 | D:1      | Noticed an anaconda
   416 | D:1      | Reached XP level 2. HP: 20/20 MP: 1/5
  1326 | D:2      | Learned a level 2 spell: Searing Ray
  1482 | D:2      | Reached XP level 3. HP: 23/26 MP: 6/6
  1729 | D:2      | Found a faded altar of an unknown god.
  1806 | D:2      | Reached skill level 5 in Conjurations
  1806 | D:2      | Reached XP level 4. HP: 28/34 MP: 3/7
  2297 | D:2      | Noticed Robin
  2621 | D:2      | Reached XP level 5. HP: 39/39 MP: 2/9
  2634 | D:2      | Slain by Robin

Illustrated notes

Levels and vault maps discovered:
D:1:      onia_arrival_zoo_common, layout_basic, minmay_misc_feat_plants,
          minmay_door_square, corexii_corridor_pit
D:2:      layout_rooms, hellmonk_ecumenical_altar_run_dry, uniq_robin

Skill      XL: |  1  2  3  4 |
---------------+-------------+-----
Dodging        | 2 |  2.0
Stealth        | 2 |  2.4
Conjurations   | 5 |  5.2
Spellcasting   | 3 |  3.0
Fighting       | |  0.8
Short Blades   | |  0.1

Action                   |  1- 3 |  4- 6 || total
-------------------------+-------+-------++-------
Melee: Unarmed           |    36 |       ||    36
       Tailslap          |     3 |     1 ||     4
       Dagger            |    10 |    23 ||    33
       Short sword       |       |     5 ||     5
Throw: Dart              |    56 |    28 ||    84
 Cast: Magic Dart        |    30 |    12 ||    42
       Searing Ray       |     6 |     8 ||    14
 Stab: Sleeping          |     1 |       ||     1
Armor: Skin              |    34 |    12 ||    46
Dodge: Dodged            |    75 |    18 ||    93

Table legend: (Time is in decaauts)
 A = Elapsed time spent in this place.
 B = Non-inter-level travel time spent in this place.
 C = Inter-level travel time spent in this place.
 D = Time resting spent in this place.
 E = Time spent auto-exploring this place.
 F = Levels seen in this place.
 G = Mean time per level.
                   A        B        C        D        E       F      G
               +--------+--------+--------+--------+--------+-----+--------+
         Total |   2634 |   2565 |     69 |    839 |    875 |   2 | 1317.0 |
       Dungeon |   2634 |   2565 |     69 |    839 |    875 |   2 | 1317.0 |
               +--------+--------+--------+--------+--------+-----+--------+

Top non-repeatable levels by time:
     D:2: 1366 daAuts
     D:1: 1268 daAuts
